 Dungeon Crawl Stone Soup version 0.18.1-48-g4cf74bf (webtiles) character file.

4697 tyranidshit the Fighter (level 10, -9/85 HPs)
             Began as a Demonspawn Abyssal Knight on Sept 7, 2016.
             Was a High Priest of Lugonu.
             Mangled by a centaur
             ... wielding a +0 trident
              (10 damage)
             ... in a bailey.
             The game lasted 00:37:44 (6635 turns).

tyranidshit the Fighter (Demonspawn Abyssal Knight) Turns: 6635, Time: 00:37:44

Health: -9/85      AC:  9    Str: 16    XL:     10   Next: 21%
Magic:  11/11      EV: 16    Int: 14    God:    Lugonu [*****.]
Gold:   466        SH:  0    Dex: 18    Spells: 0 memorised, 9 levels left

rFire  + . .     SeeInvis .     h - +0 war axe
rCold  . . .     Gourm    .     x - +2 leather armour "Wecs" {Dex+4}
rNeg   . . .     Faith    .     (no shield)
rPois  .         Spirit   .     (no helmet)
rElec  .         Dismiss  .     q - +1 cloak
rCorr  .         Reflect  .     (no gloves)
SustAt .         Harm     .     j - +0 pair of boots
MR     .....                    B - amulet of regeneration
Stlth  ++........               (no ring)
                                p - ring of flight

@: not resistant to hostile enchantments, unstealthy
A: talons 2, thin skeletal structure 1, demonic guardian 1, fire resistance 1
a: Depart the Abyss, Bend Space, Banish, Corrupt, Enter the Abyss, Renounce
Religion, Evoke Flight


You were in a bailey.
You worshipped Lugonu.
Lugonu was extremely pleased with you.
You were not hungry.

You visited 2 branches of the dungeon, and saw 9 of its levels.
You visited the Abyss 1 time.
You also visited: Sewer and Bailey.

You collected 466 gold pieces.

Inventory:

Hand Weapons
 h - a +0 war axe (weapon)
 m - the +10 shortbow "Orb Guardian's Doom" {velocity, *Confuse rF+++ Str-3 Dex+5}
   (You found it on level 4 of the Dungeon)

   Any arrow fired from it inflicts extra damage.
   It affects your strength (-3).
   It affects your dexterity (+5).
   It renders you almost immune to fire.
   It may confuse you when you take damage.
Missiles
 n - 5 arrows
Armour
 g - a +1 cloak
 j - a +0 pair of boots (worn)
 l - a +0 buckler
 q - a +1 cloak (worn)
 w - a +1 ring mail of cold resistance
 x - the +2 leather armour "Wecs" (worn) {Dex+4}
   (You found it on level 5 of the Dungeon)

   It affects your dexterity (+4).
Jewellery
 p - a ring of flight (left hand)
 B - an amulet of regeneration (around neck)
Wands
 b - a wand of flame (29/48)
 c - a wand of paralysis (11/24)
 r - a wand of digging (21/24)
 s - a wand of flame (24/48)
 v - a wand of random effects (20/48)
 C - a wand of flame (18/48)
 D - a wand of heal wounds (1/9)
Scrolls
 a - 2 scrolls of remove curse
 d - 3 scrolls of teleportation
 f - 3 scrolls of enchant weapon
 y - a scroll of brand weapon
 z - 2 scrolls of enchant armour
Potions
 e - a potion of heal wounds
 o - 2 potions of berserk rage
 u - 2 potions of curing
 E - a potion of cure mutation {unknown}
Comestibles
 i - 5 fruits
 t - 4 bread rations
 A - a beef jerky


   Skills:
 - Level 10.1 Fighting
 - Level 1.7 Axes
 + Level 6.0 Bows
 + Level 6.2 Armour
 + Level 6.0 Dodging
 - Level 2.4 Invocations


You had 9 spell levels left.
You didn't know any spells.

Dungeon Overview and Level Annotations

Branches:
Dungeon (8/15)             Temple (1/1) D:6
   Lair: D:8-11

Altars:
Cheibriados
Elyvilon
Fedhas
Kikubaaqudgha
Pakellas
Ru
Trog
Vehumet
Xom
Yredelemnul
Jiyva

Annotations:
D:3 tyranidshit's ghost, amateur DsAK
D:5 exclusion: statue


Innate Abilities, Weirdness & Mutations

You have razor-sharp toenails.
You have a somewhat thin skeletal structure (Dex +2, Stealth).
A weak demonic guardian rushes to your aid.
Your flesh is heat resistant.


Message History

The centaur hits you but does no damage.
The centaur completely misses you. The centaur closely misses you.
The orc warrior barely misses you. The centaur misses you.
You closely miss the orc warrior.
The orc warrior is heavily wounded.
You barely miss the centaur.
The centaur is heavily wounded.
The centaur hits you with a trident.
* * * LOW HITPOINT WARNING * * *
The centaur hits you from afar with a halberd!
* * * LOW HITPOINT WARNING * * *
The orc warrior hits you but does no damage.
The centaur hits you with a trident!
* * * LOW HITPOINT WARNING * * *
Your iron imp hits the centaur!
The centaur closely misses you. The centaur completely misses you.
The orc warrior hits you but does no damage.
Your crimson imp hits the centaur but does no damage.
The centaur hits you from afar with a trident!
You die...

##################
##≈≈≈≈≈≈≈≈≈≈≈≈≈≈≈≈≈
##≈≈≈≈≈≈≈≈≈≈≈≈≈≈≈≈≈≈
##≈≈≈≈≈≈≈≈.......≈≈≈≈
#≈≈≈≈≈≈≈..≈≈≈.≈≈≈..≈≈
#≈≈≈≈≈..≈≈≈.@5.5≈≈≈..
#≈≈≈≈.≈≈≈..(..cc..≈≈≈
#≈≈≈≈.≈..(..≈o≈.....≈
#≈≈≈.≈≈.⌠..≈≈o≈≈..⌠.≈
#≈≈≈.≈.....≈≈≈≈≈.....
#≈≈.≈≈....≈≈≈≈≈≈≈....
#≈≈.≈.....≈≈≈≈≈≈≈....
#≈≈.≈.....≈≈≈}≈≈≈....
#≈≈.≈.....≈(≈}≈≈≈.....≈


You could see an orc warrior, 2 centaurs, an orc, a friendly iron imp and a
friendly crimson imp.

Vanquished Creatures
  Erolcha (D:8)
  A centaur skeleton (D:8)
  Sigmund (D:4)
  A hungry ghost (D:7)
  A hippogriff (D:7)
  Purgy (Sewer)
  2 sky beasts (D:7)
  7 orc warriors (Bailey)
  2 ice beasts
  2 ogres
  The ghost of curty the Sneak, an amateur NaWz (Sewer)
  6 centaurs
  2 giant frogs
  Blork the orc (D:5)
  A scorpion (D:6)
  4 killer bees (D:7)
  A howler monkey (D:7)
  2 crimson imps
  3 hounds
  3 orc wizards
  2 orc priests
  2 giant frog skeletons
  2 iguanas
  A jelly (D:8)
  2 worker ants
  A killer bee zombie (D:8)
  A hound zombie (D:7)
  A hound skeleton (D:8)
  A worker ant zombie (D:8)
  3 gnolls (D:6)
  9 adders
  2 oozes
  2 worms
  2 dart slugs (D:2)
  6 giant geckos
  46 orcs
  10 bats
  4 giant cockroaches
  4 goblins
  7 hobgoblins
  6 jackals
  5 kobolds
  4 quokkas
  2 giant gecko skeletons
  5 giant newts
  9 rats
182 creatures vanquished.

Vanquished Creatures (collateral kills)
  2 orc warriors (Bailey)
  2 centaurs
  A scorpion (D:4)
  A killer bee (D:7)
  An orc wizard (D:4)
  An adder (D:4)
  2 orcs
  A rat (D:3)
11 creatures vanquished.

Vanquished Creatures (others)
  An orc wizard (D:6)
  An orc (D:6)
2 creatures vanquished.

Grand Total: 195 creatures vanquished

Notes
Turn   | Place    | Note
--------------------------------------------------------------
     0 | Abyss:1  | tyranidshit the Demonspawn Abyssal Knight began the quest for the Orb.
     0 | Abyss:1  | Reached XP level 1. HP: 18/18 MP: 2/2
    14 | Abyss:1  | Found a corrupted altar of Lugonu.
    28 | Abyss:1  | Found a corrupted altar of Lugonu.
    64 | D:1      | Escaped the Abyss
   213 | D:1      | Gained mutation: A weak demonic guardian rushes to your aid. [demonic ancestry]
   213 | D:1      | Reached XP level 2. HP: 16/24 MP: 3/3
   372 | D:1      | Reached ** piety under Lugonu
   706 | D:2      | Reached skill level 4 in Fighting
   738 | D:2      | Gained mutation: Your flesh is heat resistant. [demonic ancestry]
   738 | D:2      | Reached XP level 3. HP: 8/30 MP: 4/4
  1195 | D:2      | Found a snail-covered altar of Cheibriados.
  1381 | D:3      | Noticed tyranidshit's ghost (amateur DsAK)
  1738 | D:3      | Gained mutation: You have a somewhat thin skeletal structure (Dex +2, Stealth). [demonic ancestry]
  1738 | D:3      | Reached XP level 4. HP: 29/38 MP: 5/5
  1784 | D:3      | Reached skill level 5 in Fighting
  1971 | D:3      | Reached *** piety under Lugonu
  2150 | D:4      | Reached XP level 5. HP: 31/46 MP: 6/6
  2163 | D:4      | Reached skill level 6 in Fighting
  2284 | D:4      | Got a translucent shortbow
  2296 | D:4      | Identified the +10 shortbow "Orb Guardian's Doom" {velocity, *Confuse rF+++ Str-3 Dex+5} (You found it on level 4 of the Dungeon)
  2512 | D:4      | Noticed Sigmund
  2515 | D:4      | Killed Sigmund
  2515 | D:4      | Reached skill level 7 in Fighting
  2515 | D:4      | Reached XP level 6. HP: 54/55 MP: 7/7
  2829 | D:5      | Entered Level 5 of the Dungeon
  2961 | D:5      | Noticed Blork the orc
  2976 | D:5      | Killed Blork the orc
  2976 | D:5      | Reached skill level 8 in Fighting
  2976 | D:5      | Gained mutation: You have sharp toenails. [demonic ancestry]
  2976 | D:5      | Reached XP level 7. HP: 53/62 MP: 8/8
  2996 | D:5      | Reached **** piety under Lugonu
  3046 | D:5      | Found a blossoming altar of Fedhas.
  3067 | D:5      | Found a glowing drain.
  3087 | D:5      | Got a spiked leather armour
  3101 | Sewer    | Entered a sewer
  3119 | Sewer    | Identified the +2 leather armour "Wecs" {Dex+4} (You found it on level 5 of the Dungeon)
  3134 | Sewer    | Noticed curty's ghost (amateur NaWz)
  3149 | Sewer    | Killed curty's ghost
  3158 | Sewer    | Noticed Purgy
  3164 | Sewer    | Killed Purgy
  3164 | Sewer    | Reached skill level 9 in Fighting
  3293 | D:5      | Found a radiant altar of Vehumet.
  3667 | D:5      | Found an oddly glowing altar of Pakellas.
  3938 | D:6      | Reached XP level 8. HP: 68/72 MP: 9/9
  4100 | D:6      | Found a staircase to the Ecumenical Temple.
  4122 | Temple   | Entered the Ecumenical Temple
  4137 | D:6      | Reached skill level 10 in Fighting
  4209 | D:6      | Reached skill level 1 in Dodging
  4245 | D:6      | Reached skill level 1 in Bows
  4548 | D:6      | Reached ***** piety under Lugonu
  5043 | D:7      | Found a shimmering altar of Xom.
  5150 | D:7      | Gained mutation: You have razor-sharp toenails. [demonic ancestry]
  5150 | D:7      | Reached XP level 9. HP: 78/78 MP: 10/10
  5808 | D:8      | Noticed Erolcha
  5822 | D:8      | Killed Erolcha
  5822 | D:8      | Reached skill level 5 in Bows
  5822 | D:8      | Reached skill level 5 in Armour
  5822 | D:8      | Reached skill level 5 in Dodging
  5876 | D:8      | Found an ancient bone altar of Kikubaaqudgha.
  5893 | D:8      | Found a white marble altar of Elyvilon.
  6107 | D:8      | Found a flagged portal.
  6112 | Bailey   | Entered a bailey
  6326 | Bailey   | Reached XP level 10. HP: 47/85 MP: 11/11
  6634 | Bailey   | HP: 1/85 [centaur/trident (7)]
  6635 | Bailey   | Mangled by a centaur

Skill      XL: |  1  2  3  4  5  6  7  8  9 10 |
---------------+-------------------------------+-----
Fighting       | 4 5 7 8 9 10 | 10.1
Dodging        | 3 5 6 |  6.0
Bows           | 3 5 6 |  6.0
Armour         | 3 5 6 |  6.2
Axes           | |  1.7
Invocations    | |  2.4

Action                   |  1- 3 |  4- 6 |  7- 9 | 10-12 || total
-------------------------+-------+-------+-------+-------++-------
Melee: Hand axe          |   180 |    85 |       |       ||   265
       War axe           |       |    48 |    51 |    14 ||   113
       Shortbow          |       |     2 |       |       ||     2
       Kick              |       |       |     8 |       ||     8
 Fire: Shortbow          |       |    13 |   207 |    41 ||   261
Throw: Stone             |       |       |     2 |       ||     2
Evoke: Wand              |       |       |       |     9 ||     9
  Use: Scroll            |     7 |     1 |     6 |     1 ||    15
       Potion            |     4 |     2 |     4 |     1 ||    11
 Stab: Distracted        |       |       |     1 |       ||     1
  Eat: Bread ration      |     1 |       |       |       ||     1
       Meat ration       |       |     1 |     2 |       ||     3
Armor: Leather armour    |    52 |       |    36 |    17 ||   105
       Chain mail        |       |    94 |    14 |       ||   108
       Skin              |       |       |     6 |       ||     6
Dodge: Dodged            |   107 |    40 |   120 |    95 ||   362
Block: Buckler           |    24 |    11 |       |       ||    35
